 Dungeon Crawl Stone Soup version 0.28.0 (webtiles) character file.

Game seed: 5291726391523295772

30 sanka the Magician (level 3, -4/20 HPs)
             Began as a Deep Elf Transmuter on Feb 8, 2022.
             Slain by Crazy Yiuf (11 damage)
             ... on level 2 of the Dungeon.
             The game lasted 00:01:43 (3124 turns).

sanka the Magician (Deep Elf Transmuter)            Turns: 3124, Time: 00:01:45

Health: -4/20      AC:  2    Str:  7    XL:     3   Next: 3%
Magic:  8/11       EV: 20    Int: 19    God:
Gold:   33         SH:  0    Dex: 20    Spells: 7/11 levels left

rFire   . . .      SeeInvis .     - Unarmed
rCold   . . .      Faith    .   (shield currently unavailable)
rNeg    . . .      Spirit   .   (armour currently unavailable)
rPois   x          Reflect  .   (helmet currently unavailable)
rElec   .          Harm     .   (cloak currently unavailable)
rCorr   .          Rampage  .   (gloves currently unavailable)
Will    .....                   (boots currently unavailable)
Stlth   ++........              (no amulet)
HPRegen 0.06/turn               (no ring)
MPRegen 0.12/turn               (no ring)

@: spider-form (expiring)
A: venomous fangs, tiny
a: End Transformation


You were on level 2 of the Dungeon.
You were a venomous arachnid creature.
You visited 1 branch of the dungeon, and saw 2 of its levels.

You collected 33 gold pieces.

Inventory:

Armour
 c - a +2 robe of fire resistance (melded)
Scrolls
 a - 2 scrolls of torment {unknown}
 d - a scroll of noise {unknown}
Potions
 b - a potion of curing {unknown}
 e - 2 potions of lignification {unknown}


   Skills:
 - Level 0.7 Fighting
 - Level 2.4 Dodging
 - Level 2.4 Unarmed Combat
 + Level 4.9 Spellcasting
 - Level 2.1 Transmutations


You had 7 spell levels left.
You knew the following spells:

 Your Spells              Type           Power      Damage    Failure   Level
a - Beastly Appendage     Tmut           26%        N/A       14%         1
b - Spider Form           Tmut/Pois      8%         N/A       45%         3

Your spell library contained the following spells:

 Spells                   Type           Power      Damage    Failure   Level
 Wereblood                Tmut           13%        N/A       21%         2
 Ice Form                 Ice/Tmut       8%         N/A       80%         4


Dungeon Overview and Level Annotations

Branches:
Dungeon (2/15)

Altars:
Hepliaklqana

Annotations:
D:2 Crazy Yiuf


Message History

The hobgoblin closely misses you.
You barely miss the hobgoblin.
The hobgoblin is heavily wounded.
The hobgoblin barely misses you.
You hit the hobgoblin but do no damage. Your headbutt misses the hobgoblin.
The hobgoblin is heavily wounded.
Your transformation is almost over.
The hobgoblin hits you but does no damage.
You hit the hobgoblin.
The hobgoblin is severely wounded.
The hobgoblin hits you.
You barely miss the hobgoblin. You claw the hobgoblin.
You kill the hobgoblin!
No target in view!
Magic restored.
Your horns disappear.
Your talons disappear.
There is a stone staircase leading down here.
There is a stone staircase leading up here.
Key pressed, stopping explore.
There is a stone staircase leading up here.
Things that are here:
3 stones; a +0 club Key pressed, stopping explore.
Crazy Yiuf shouts!
Could not explore, unopened runed door.
Could not explore, unopened runed door.
Casting: Beastly Appendage (safe; 4% risk of failure)
Confirm with . or Enter, or press ? or * to list all spells.
The spell is extremely dangerous to miscast (24% risk of failure)!
Continue anyway?
You turn into a venomous arachnid creature.
Your +2 robe of fire resistance melds into your body.
You feel less resistant to fire.
You open the door.
Your transformation is almost over.
Crazy Yiuf yells, "Cholesterol pizzabubble high!"
Crazy Yiuf hits you with a +4 quarterstaff of chaos!
Ouch! That really hurt!
You are electrocuted!
Ouch! That really hurt!
You die...

##.##
##...###....#
####.....##.#
..>.#####.##
#....#
##.........#
...........#
♣....♣
#.......##.#
.#...####..#
♣...♣♣
#[.....###.#
...........#
♣♣.♣♣
#.....## #.#
.#...#######
♣.♣♣ #.....#
#.. ##.###
♣♣.♣ #.....#
#.# ##...#
♣.♣♣ #.#.###
#.. ###.#
♣♣s♣
#.#.######..
# #.# #g#
#.#.#...##..
####.# ...
#.#..###.#..
...#.# #...#
#....#......
##.#.# #..)#
#.#....##...
##.#.# #####
#..........#
#.#.#
####.###.<.#
#.#.# ###
##...#..#
##.#.# #.#
#####..#


You could see Crazy Yiuf.

Vanquished Creatures
  A worm (D:2)
  3 dart slugs
  3 bats (D:1)
  An endoplasm (D:2)
  A giant cockroach (D:1)
  2 goblins (D:2)
  2 hobgoblins (D:2)
  3 kobolds
  2 frilled lizards
  3 rats
21 creatures vanquished.

Notes
Turn   | Place    | Note
-------+----------+-------------------------------------------
     0 | D:1      | sanka the Deep Elf Transmuter began the quest for the Orb.
     0 | D:1      | Reached XP level 1. HP: 11/11 MP: 6/6
  1057 | D:1      | Reached skill level 4 in Spellcasting
  1057 | D:1      | Reached XP level 2. HP: 15/16 MP: 7/9
  2242 | D:2      | Found a runed translucent door.
  2243 | D:2      | Noticed Crazy Yiuf
  2341 | D:2      | Found a hazy altar of Hepliaklqana.
  2625 | D:2      | Reached XP level 3. HP: 4/20 MP: 11/11
  2881 | D:2      | Learned a level 3 spell: Spider Form
  3124 | D:2      | Slain by Crazy Yiuf

Illustrated notes

Levels and vault maps discovered:
D:1:      mainiacjoe_arrival_reflecting_pool, layout_basic
D:2:      layout_loops_ring, basic_altar, uniq_crazy_yiuf_cottage

Skill      XL: |  1 |
---------------+----+-----
Spellcasting   | 4 |  4.9
Fighting       | |  0.7
Dodging        | |  2.4
Unarmed Combat | |  2.4
Transmutations | |  2.1

Action                   || total
-------------------------++-------
Melee: Unarmed           ||    63
       Kick              ||    12
       Headbutt          ||     9
       Punch             ||     1
 Cast: Beastly Appendage ||    19
       Spider Form       ||     1
 Stab: Sleeping          ||     1
Armor: Robe              ||     7
Dodge: Dodged            ||    31
